 Seeded DCSS version 0.28-a0-1518-gbe868bca14 (webtiles) character file.

Game seed: 20220117 (custom seed)

1050 a11behringer the Carver (level 8, -1/68 HPs)
             Began as a Minotaur Berserker on Jan 17, 2022.
             Was a Priest of Trog.
             Shot with an arrow by a centaur (7 damage)
             ... on level 6 of the Dungeon.
             The game lasted 00:15:30 (5909 turns).

a11behringer the Carver (Minotaur Berserker)        Turns: 5909, Time: 00:15:32

Health: -1/68      AC: 11    Str: 25    XL:     8   Next: 5%
Magic:  7/7        EV:  9    Int:  4    God:    Trog [***...]
Gold:   307        SH:  0    Dex:  9    Spells: 7/7 levels left

rFire   . . .      SeeInvis .   a - +0 falchion
rCold   . . .      Faith    .   (no shield)
rNeg    . . .      Spirit   .   o - +0 chain mail
rPois   .          Reflect  .   m - +2 hat
rElec   .          Harm     .   (no cloak)
rCorr   .          Rampage  .   (no gloves)
Will    .....                   (no boots)
Stlth   ..........              (no amulet)
HPRegen 0.21/turn               i - ring of flight
MPRegen 0.10/turn               (no ring)

@: about to teleport, flying
A: horns 2, retaliatory headbutt
a: Renounce Religion, Berserk, Trog's Hand


You were on level 6 of the Dungeon.
You worshipped Trog.
Trog was most pleased with you.
You visited 1 branch of the dungeon, and saw 6 of its levels.
You also visited: Ossuary.

You collected 307 gold pieces.

Inventory:

Hand Weapons
 a - a +0 falchion (weapon)
 b - a +0 hunting sling
 n - a +1 dagger of protection
Missiles
 g - 11 boomerangs (quivered)
 h - 71 arrows
 s - 41 bolts
 w - 6 javelins
Armour
 m - a +2 hat (worn)
 o - a +0 chain mail (worn)
Jewellery
 e - a ring of ice
 i - a ring of flight (left hand)
 y - a ring of poison resistance
Wands
 d - a wand of paralysis (11)
Scrolls
 c - 2 scrolls of immolation
 f - 2 scrolls of enchant weapon
 k - 2 scrolls of teleportation
 l - a scroll of amnesia
 p - a scroll of vulnerability {unknown}
 t - a scroll of torment {unknown}
 v - a scroll of magic mapping {unknown}
 x - a scroll of acquirement
Potions
 j - 3 potions of degeneration
 q - 3 potions of attraction
 r - 2 potions of curing
 u - 2 potions of lignification
 z - 2 potions of berserk rage
 A - a potion of brilliance {unknown}
 B - a potion of heal wounds {unknown}
 C - a potion of ambrosia {unknown}
 D - a potion of flight {unknown}


   Skills:
 + Level 5.3 Fighting
 * Level 10.1 Long Blades
 + Level 4.4 Armour
 + Level 3.2 Dodging


You had 7 spell levels left.
You didn't know any spells.
Your spell library was empty.

Dungeon Overview and Level Annotations

Branches:
Dungeon (6/15)             Temple (0/1) D:6         Ossuary (visited)

Altars:
Qazlal
Trog

Shops:
D:1 =   D:6 *

Annotations:
D:4 1 runed translucent door


Innate Abilities, Weirdness & Mutations

You have a pair of horns on your head.
You reflexively headbutt those who attack you in melee.


Message History

You slash the orc priest!
You kill the orc priest!
Trog accepts your kill.
Your life force feels restored.
No target in view!
HP restored.
Things that are here:
a +0 trident; an orc corpse
Found Wokk's Fire Supplies.
There is an entrance to Wokk's Fire Supplies here.
e - a ring of ice
There is an abandoned shop here.
There is an abandoned shop here.
You now have 307 gold pieces (gained 10).
The centaur wields a +0 shortbow.
The centaur shoots an arrow.
The arrow barely misses you.
The centaur shoots an arrow.
The arrow hits you!
The centaur shoots an arrow.
The arrow hits you but does no damage.
The centaur shoots an arrow.
The arrow hits you but does no damage.
You hear a shout!
The centaur shouts! x2
The centaur shoots an arrow.
The arrow hits you!
The centaur shoots an arrow.
The arrow hits you!
The centaur shoots an arrow.
The arrow closely misses you.
The centaur shoots an arrow.
The arrow hits you.
The centaur shoots an arrow.
The arrow hits you but does no damage.
You hear a shout!
A centaur comes into view.
The centaur shoots an arrow.
The arrow hits you.
The centaur shoots an arrow.
The arrow hits you but does no damage.
The centaur shoots an arrow.
The arrow hits you.
As you read the scroll of teleportation, it crumbles to dust.
You feel strangely unstable.
The centaur shoots an arrow.
The arrow hits you!
A centaur comes into view.
The centaur shoots an arrow.
The arrow hits you.
* * * LOW HITPOINT WARNING * * *
The centaur shoots an arrow.
The arrow hits you!
* * * LOW HITPOINT WARNING * * *
The centaur shoots an arrow.
The arrow barely misses you.
The centaur shoots an arrow.
The arrow hits you!
You die...

..#..##.# ####..# #.......##
#.....##
#........#####......###
#................#≈≈≈≈###
#.#####......#...≈≈≈≈≈≈≈≈
..######..###≈≈≈≈≈≈≈≈≈≈≈≈
.....###..≈≈≈≈≈≈≈≈≈≈≈≈≈≈≈
.........≈≈≈≈≈≈≈≈≈≈≈≈≈..≈
.........≈≈≈≈≈≈≈@≈≈≈cc...
####.....≈≈≈≈≈≈≈≈≈≈cc..c.
.........≈≈≈≈≈≈≈≈≈≈..#'#.
........#.≈≈≈≈≈≈≈≈≈..#
....≈≈≈≈
..###...#.≈≈≈≈≈≈≈≈≈..#
c..≈≈≈ ### #..##.≈≈≈≈≈≈≈≈≈.#
#cc≈≈≈ ## #...#...≈≈≈≈≈≈≈c#
##c≈≈≈≈ .#
#....#.##≈≈≈≈≈≈.####c≈≈≈≈.##
.## ##......
###≈≈≈≈≈..≈≈≈≈≈≈#...


You could see 6 centaurs.

Vanquished Creatures
  A black bear (D:6)
  The ghost of dave1331 the Covered, an amateur MiFi of Fedhas (D:4)
  3 ogres
  A phantom (D:5)
  2 scorpions
  A water moccasin zombie (D:5)
  A hound (D:6)
  A centaur skeleton (D:5)
  2 orc priests
  2 iguanas (D:5)
  A mummy (Ossuary)
  4 adders
  An ufetubus (D:5)
  3 worms
  5 dart slugs
  10 orcs
  2 spectral bats (Ossuary)
  4 ball pythons
  6 bats
  6 endoplasms
  5 giant cockroaches
  12 gnoll zombies (Ossuary)
  9 goblins
  2 hobgoblins (D:4)
  2 quokkas
  3 bat simulacra (Ossuary)
  4 frilled lizards
  2 goblin simulacra (Ossuary)
  2 goblin zombies (Ossuary)
  6 hobgoblin zombies (Ossuary)
  3 kobolds
  3 kobold simulacra (Ossuary)
  5 kobold zombies (Ossuary)
  5 orc zombies (Ossuary)
  3 rats
  4 rat simulacra (Ossuary)
  2 spectral goblins (Ossuary)
  8 spectral kobolds (Ossuary)
  3 spectral rats (Ossuary)
140 creatures vanquished.

Vanquished Creatures (others)
  2 plants (D:5)
2 creatures vanquished.

Grand Total: 142 creatures vanquished

Notes
Turn   | Place    | Note
-------+----------+-------------------------------------------
     0 | D:1      | a11behringer the Minotaur Berserker began the quest for the
                  | Orb.
     0 | D:1      | Reached XP level 1. HP: 19/19 MP: 0/0
   149 | D:1      | Reached skill level 4 in Long Blades
   153 | D:1      | Reached XP level 2. HP: 11/27 MP: 1/1
   422 | D:1      | Found Udownyit's Jewellery Boutique.
   745 | D:2      | Noticed a scorpion
   754 | D:2      | Killed a scorpion
   755 | D:2      | Reached skill level 5 in Long Blades
   755 | D:2      | Reached XP level 3. HP: 12/33 MP: 2/2
   755 | D:2      | Reached XP level 4. HP: 15/40 MP: 3/3
   761 | D:2      | HP: 2/60 [poisoned by a scorpion]
  1223 | D:2      | Reached ** piety under Trog
  1405 | D:2      | Found a faded altar of an unknown god.
  1871 | D:3      | Noticed an ogre
  1881 | D:3      | Killed an ogre
  1882 | D:3      | Reached skill level 6 in Long Blades
  1882 | D:3      | Reached XP level 5. HP: 47/47 MP: 4/4
  2614 | D:3      | Found a bloodstained altar of Trog.
  2664 | D:3      | Reached XP level 6. HP: 47/53 MP: 5/5
  2668 | D:3      | Reached skill level 7 in Long Blades
  3671 | D:4      | Found a runed translucent door.
  3681 | D:4      | Noticed dave1331's ghost (amateur MiFi)
  3943 | D:4      | Found a runed translucent door.
  4017 | D:4      | Killed dave1331's ghost
  4018 | D:4      | Reached skill level 8 in Long Blades
  4075 | D:5      | Entered Level 5 of the Dungeon
  4080 | D:5      | Noticed a water moccasin
  4164 | D:5      | Found a stormy altar of Qazlal.
  4170 | D:5      | Reached XP level 7. HP: 60/60 MP: 6/6
  4341 | D:5      | Reached skill level 5 in Fighting
  4416 | D:5      | Reached skill level 9 in Long Blades
  5061 | D:6      | Found a sand-covered staircase.
  5093 | Ossuary  | Entered an ossuary
  5253 | Ossuary  | Reached *** piety under Trog
  5392 | Ossuary  | Reached XP level 8. HP: 38/67 MP: 7/7
  5568 | Ossuary  | Reached skill level 10 in Long Blades
  5697 | Ossuary  | Identified a scroll of acquirement
  5760 | D:6      | Found a staircase to the Ecumenical Temple.
  5793 | D:6      | Found Wokk's Fire Supplies.
  5909 | D:6      | Shot with an arrow by a centaur

Illustrated notes

Levels and vault maps discovered:
D:1:      giann_bridges, layout_rooms, serial_shops, nicolae_square_shop,
          minmay_misc_feat_iff
D:2:      layout_loops_ring, shapermc_ecumenical_altar_starsandcircs
D:3:      layout_basic, marbit_many_paths, serial_co_window_serial,
          co_window_of_opportunity_a, co_window_paths_a,
          co_window_of_opportunity_a, co_window_paths_b, co_window_paths_b,
          co_window_paths_c, co_window_of_opportunity_b,
          co_window_of_opportunity_b, co_window_paths_c, co_window_4corner_b,
          glass_columns_a, glass_columns_b, glass_columns_a
D:4:      layout_gridville, ebering_ghost_sewer_f, serial_bayou_pond_c,
          supply_closet_lemuel
D:5:      layout_rooms, mainiacjoe_overflow_catwalk, serial_bayou,
          serial_bayou_crossing, serial_bayou_pond_b, serial_bayou_ford_a,
          serial_bayou_shore_b, corexii_shack
D:6:      layout_layer_cave, minmay_temple_entry_proselytizer,
          nicolae_ossuary_entry_false_entrances, nicolae_shop_fire_sale
          [nicolae_sub_dead_trees], centaur_isle

Skill      XL: |  1  2  3  4  5  6  7  8 |
---------------+-------------------------+-----
Long Blades    | 4 5 6 8 9 10 | 10.1
Fighting       | 4 5 |  5.3
Armour         | 3 4 |  4.4
Dodging        | 3 |  3.2

Action                   |  1- 3 |  4- 6 |  7- 9 || total
-------------------------+-------+-------+-------++-------
Melee: Falchion          |    37 |   130 |   176 ||   343
       Headbutt          |     5 |    20 |    35 ||    60
       Punch             |       |     1 |     6 ||     7
Invok: Berserk           |     1 |     3 |     2 ||     6
       Trog's Hand       |       |     1 |     1 ||     2
  Use: Potion            |       |     1 |       ||     1
       Scroll            |       |       |     9 ||     9
Armor: Animal skin       |     5 |       |       ||     5
       Ring mail         |     2 |    15 |       ||    17
       Chain mail        |       |    45 |    77 ||   122
Dodge: Dodged            |    32 |    63 |    66 ||   161

Table legend: (Time is in decaauts)
 A = Elapsed time spent in this place.
 B = Non-inter-level travel time spent in this place.
 C = Inter-level travel time spent in this place.
 D = Time resting spent in this place.
 E = Time spent auto-exploring this place.
 F = Levels seen in this place.
 G = Mean time per level.
                   A        B        C        D        E       F      G
               +--------+--------+--------+--------+--------+-----+--------+
         Total |   5946 |   5459 |    487 |    544 |   3935 |   7 |  849.4 |
       Dungeon |   5297 |   4810 |    487 |    544 |   3658 |   6 |  882.8 |
       Ossuary |    649 |    649 |      0 |      0 |    277 |   1 |  649.0 |
               +--------+--------+--------+--------+--------+-----+--------+

Top non-repeatable levels by time:
     D:3: 1324 daAuts
     D:1: 978 daAuts
     D:4: 959 daAuts
     D:2: 856 daAuts
     D:5: 801 daAuts
 Ossuary: 649 daAuts
     D:6: 376 daAuts
